Map: Central Protocol

Players

Grumm - Winner!

  • Race: Zerg Zerg
  • League: Gold

paybacc

  • Race: Zerg Zerg
  • League: Silver

VOD

Have the link to the VOD?

Description

Time

  • Played on: Jan. 21, 2016, 2:04 a.m.
  • Length: 15:35
Show
View Real Time Build Order
Export as new Build Order

Grumm Zerg - Winner!

Build Orders: Hatch First 

Get SALT Encoding   

  12  0:22  Drone  
  13  0:33  Hatchery  
  12  0:37  Drone  
  13  0:44  Overlord  
  13  0:50  Drone  
  14  1:04  Drone x2  
  14  1:10  Extractor  
  15  1:19  Spawning Pool  
  15  1:20  Drone  
  15  1:31  Drone  
  16  1:37  Drone, Extractor  
  16  1:51  Drone  
  16  1:53  Drone x2  
  19  2:05  Queen  
  21  2:10  Queen  
  21  2:14  Drone  
  24  2:34  Drone x3, Spine Crawler  
  26  2:49  Roach Warren  
  25  2:55  Drone x2  
  27  3:14  Evolution Chamber  
  26  3:21  Drone x2  
  26  3:26  Evolution Chamber  
  27  3:31  Overlord x2  
  27  3:37  Extractor  
  27  3:40  Zerg Missile Weapons Level 1, Extractor  
  25  3:48  Lair  
  25  4:12  Roach  
  25  4:13  Roach x5  
  37  4:22  Zerg Ground Armor Level 1  
  37  4:32  Drone x3  
  40  4:54  Roach  
  40  4:55  Roach  
  44  5:07  Overlord x3  
  44  5:18  Infestation Pit  
  43  5:37  Roach  
  43  5:38  Roach x6  
  57  5:50  Spine Crawler  
  57  5:53  Spine Crawler  
  55  6:03  Evolution Chamber  
  54  6:07  Nydus Network  
  54  6:09  Drone x2  
  56  6:21  Zerg Missile Weapons Level 2  
  56  6:28  Zerg Melee Weapons Level 1  
  56  6:32  Drone  
  57  6:38  Overlord  
  57  6:43  Zergling x4  
  59  6:57  Nydus Canal  
  59  7:05  Zergling x10  
  64  7:18  Drone x4  
  68  7:29  Spore Crawler  
  67  7:31  Drone x3  
  70  7:57  Overlord x2  
  70  7:58  Overlord  
  70  7:59  Drone  
  70  8:00  Drone x4  
  75  8:30  Hatchery  
  74  8:36  Drone x2  
  82  8:54  Hive  
  82  9:24  Overlord  
  94  9:36  Burrow  
  94  9:40  Glial Reconstitution  
  94  9:45  Metabolic Boost  
  94  10:22  Overlord x2  
  94  10:23  Drone, Hydralisk Den  
  94  10:24  Drone x6  
  100  10:30  Extractor  
  99  10:47  Overlord x2  
  99  11:22  Spine Crawler  
  98  11:29  Drone x3  
  98  11:52  Roach  
  98  11:53  Roach x7  
  101  12:20  Spore Crawler x2  
  101  12:21  Spore Crawler  
  92  12:23  Roach x6  
  92  12:24  Spore Crawler  
  92  12:25  Spore Crawler  
  92  12:28  Hydralisk x11  
  94  12:49  Roach  
  94  12:50  Roach x5  
  94  13:29  Zergling x2  
  94  13:30  Zergling x16  
  97  13:51  Hydralisk  
  97  13:52  Hydralisk x3  
Show
View Real Time Build Order
Export as new Build Order

paybacc Zerg 

Build Orders: Pool First 

Get SALT Encoding   

  12  0:01  Drone  
  13  0:12  Overlord  
  13  0:17  Drone  
  14  0:31  Drone x2  
  16  0:36  Drone  
  17  0:50  Drone  
  17  0:51  Spawning Pool  
  17  0:54  Extractor  
  17  0:56  Drone  
  17  1:19  Drone  
  17  1:20  Hatchery  
  17  1:23  Drone  
  18  1:40  Zergling x2  
  18  1:41  Zergling x2, Queen  
  22  1:51  Overlord  
  22  2:01  Metabolic Boost  
  22  2:09  Zergling x2  
  22  2:12  Zergling x2  
  24  2:21  Queen  
  26  2:26  Zergling x2  
  27  2:33  Queen  
  27  2:35  Zergling x2  
  30  2:39  Drone  
  31  2:52  Zergling x4  
  31  2:53  Zergling x4  
  31  2:55  Overlord  
  35  2:59  Drone  
  36  3:15  Zergling x4  
  36  3:18  Zergling x2  
  39  3:29  Drone  
  39  3:32  Drone x2  
  42  3:51  Zergling x4  
  44  4:07  Overlord x3  
  44  4:08  Overlord  
  44  4:33  Drone  
  44  4:34  Drone x2  
  47  4:45  Baneling Nest  
  47  4:46  Drone x6  
  48  5:01  Drone  
  48  5:06  Roach Warren  
  48  5:15  Evolution Chamber  
  48  5:17  Evolution Chamber  
  46  5:21  Extractor  
  45  5:29  Spine Crawler  
  45  5:34  Spine Crawler  
  43  5:36  Baneling x4  
  43  5:37  Baneling x2  
  43  5:41  Lair  
  43  5:46  Zerg Melee Weapons Level 1  
  43  5:53  Drone  
  43  5:54  Drone x3  
  47  5:59  Roach x3  
  47  6:02  Drone  
  47  6:03  Drone  
  55  6:09  Drone  
  55  6:10  Drone  
  57  6:23  Drone x3  
  60  6:58  Extractor  
  60  7:00  Extractor  
  58  7:03  Spire  
  57  7:35  Drone x6  
  63  7:40  Zerg Ground Armor Level 1  
  63  7:41  Overlord x3  
  63  8:06  Hatchery  
  62  8:16  Hatchery  
  61  8:21  Hydralisk Den  
  61  8:24  Mutalisk x5  
  61  8:25  Mutalisk x2  
  74  8:33  Drone x4  
  78  8:50  Infestation Pit  
  77  9:04  Overlord x4  
  77  9:05  Overlord  
  77  9:24  Mutalisk  
  77  9:28  Mutalisk x5  
  89  9:44  Hive  
  89  9:49  Overseer x2  
  89  9:59  Hydralisk x2  
  93  10:12  Hydralisk x3  
  99  10:17  Drone  
  99  10:18  Drone  
  101  10:27  Drone  
  102  10:29  Hydralisk x4  
  110  10:54  Extractor  
  110  10:55  Extractor  
  103  11:28  Hydralisk x13  
  121  11:58  Lurker Den  
  86  13:06  Drone  
  86  13:07  Drone x2  
  86  13:08  Hydralisk  
  86  13:09  Hydralisk x5  
  66  13:46  Hydralisk  
  66  13:47  Hydralisk x5  
Tags
 
Add a new tag
Caveats
  • Supply blocks, unpowered buildings, or Contaminate may cause inaccurate times.
  • Supply counts are checked every 10 seconds.